 Dungeon Crawl Stone Soup version 0.21-a0-442-g848f44b (webtiles) character file.

51 Megalobster the Sneak (level 3, -2/16 HPs)
             Began as a Spriggan Enchanter on Nov 14, 2017.
             Slain by a gnoll (7 damage)
             ... on level 2 of the Dungeon.
             The game lasted 00:03:45 (2220 turns).

Megalobster the Sneak (Spriggan Enchanter)          Turns: 2220, Time: 00:03:46

Health: -2/16      AC:  2    Str:  5    XL:     3   Next: 57%
Magic:  2/8        EV: 19    Int: 16    God:
Gold:   77         SH:  0    Dex: 16    Spells: 2/8 levels left

rFire    . . .     SeeInvis +   a - +1 dagger
rCold    . . .     Gourm    .   (shield restricted)
rNeg     . . .     Faith    .   b - +0 robe
rPois    .         Spirit   .   (helmet restricted)
rElec    .         Reflect  .   (no cloak)
rCorr    .         Harm     .   (gloves unavailable)
MR       .....                  (boots unavailable)
Stlth    +++.......             (no amulet)
HPRegen  0.05/turn              (no ring)
MPRegen  0.11/turn              (no ring)

@: very slightly contaminated, very quick
A: unfitting armour, see invisible, herbivore 3, speed 3, slow metabolism 2
a: no special abilities


You were on level 2 of the Dungeon.
You were not hungry.

You visited 1 branch of the dungeon, and saw 2 of its levels.

You collected 77 gold pieces.

Inventory:

Hand Weapons
 a - a +1 dagger (weapon)
Missiles
 f - 92 stones (quivered)
Armour
 b - a +0 robe (worn)
Scrolls
 e - a scroll of teleportation {unknown}
 h - a scroll of identify {unknown}
 i - a scroll of noise {unknown}
Potions
 g - a potion of experience {unknown}
 j - 2 potions of cancellation {unknown}
Books
 c - a book of Maledictions

   Spells                             Type                      Level
   a - Corona                         Hexes                        1
   b - Ensorcelled Hibernation        Hexes/Ice                    2
   c - Confuse                        Hexes                        3
   d - Tukima's Dance                 Hexes                        3
   e - Dazzling Spray                 Conjuration/Hexes            3
Comestibles
 d - a bread ration


   Skills:
 + Level 1.8 Short Blades
 + Level 3.5 Dodging
 * Level 5.3 Stealth
 + Level 3.0 Spellcasting
 * Level 4.2 Hexes


You had 2 spell levels left.
You knew the following spells:

 Your Spells              Type           Power        Failure   Level  Hunger
a - Corona                Hex            ###....      3%          1    #......
b - Ensorcelled Hibernat  Hex/Ice        #.....       12%         2    ##.....
c - Confuse               Hex            ###.....     10%         3    ###....


Dungeon Overview and Level Annotations

Branches:
Dungeon (2/15)

Altars:


Innate Abilities, Weirdness & Mutations

You are very small and have problems with some larger weapons.
You are too small for most types of armour.
You have supernaturally acute eyesight. (SInv)
You are a herbivore.
You cover ground extremely quickly.
You need consume almost no food.


Message History

Press: ? - help, Shift-Dir - straight line, f - gnoll
Aim: a gnoll (chance to defeat MR: 55%)
You miscast Confuse.
You are very lightly contaminated with residual magic.
Your hands glow momentarily.
The gnoll closely misses you.
Casting: Confuse
Confirm with . or Enter, or press ? or * to list all spells.
You don't have enough magic to cast that spell.
Throwing (i - inventory):
f - 92 stones (quivered)
Press: ? - help, Shift-Dir - straight line, f/p - gnoll
Aim: a gnoll
Okay, then.
You barely miss the gnoll. The gnoll barely misses you.
You hit the gnoll but do no damage. The gnoll completely misses you.
A gnoll comes into view. It is wielding a spear.
You closely miss the gnoll.
The gnoll hits you from afar with a spear.
The gnoll hits you.
You barely miss the gnoll. The gnoll misses you. The gnoll hits you!
You die...

#.###.......g.
######.###.#######.
#..........# ##
#.####.#####
#######.####.#
#............#
#####.#####g######
#....).....g########
#.#...#.....@......#
#.......#########...
### #..#..#.# ..
###.÷#..#.# #.
#[......#.# #.
###.#..#....## ##.
#.....÷......# #..
#.#.#........# #..
#.##.##.##.# #..


You could see 2 gnolls.

Vanquished Creatures
  2 worms (D:2)
  4 dart slugs
  3 leopard geckos
  A goblin (D:2)
  6 hobgoblins
  A quokka (D:2)
  A ball python (D:1)
  8 bats
  2 frilled lizards
  3 kobolds
  6 rats (D:1)
37 creatures vanquished.

Notes
Turn   | Place    | Note
-------+----------+-------------------------------------------
     0 | D:1      | Megalobster the Spriggan Enchanter began the quest for the Orb.
     0 | D:1      | Reached XP level 1. HP: 9/9 MP: 5/5
   265 | D:1      | Reached XP level 2. HP: 13/13 MP: 6/6
   479 | D:1      | Learned a level 2 spell: Ensorcelled Hibernation
   689 | D:1      | Reached skill level 5 in Stealth
  1249 | D:2      | Reached XP level 3. HP: 16/16 MP: 8/8
  1254 | D:2      | Learned a level 3 spell: Confuse
  2220 | D:2      | Slain by a gnoll

Vault maps used:
D:1:      dpeg_arrival_signposts
D:2:      first_bread

Skill      XL: |  1  2  3 |
---------------+----------+-----
Hexes          | 4 |  4.2
Stealth        | 5 |  5.3
Spellcasting   | 3 |  3.0
Short Blades   | |  1.8
Dodging        | |  3.5

Action                   || total
-------------------------++-------
Melee: Dagger            ||   142
 Cast: Ensorcelled Hiber ||    11
 Stab: Sleeping          ||    17
Armor: Robe              ||    22
Dodge: Dodged            ||   145

Table legend:
 A = Spawn XP
 B = Non-spawn XP
 C = Spawn XP percentage of total XP
 D = Spawn monster count
 E = Non-spawn monster count
 F = Spawn count percentage of total count
 G = Total turns spent on level
                    A         B        C        D         E        F      G
               +---------+---------+-------+---------+---------+-------+---------
         Total |       0 |      73 |   0.0 |       0 |      37 |   0.0 |  2220
               +---------+---------+-------+---------+---------+-------+---------
           D:1 |       0 |      40 |   0.0 |       0 |      22 |   0.0 |  1217
           D:2 |       0 |      33 |   0.0 |       0 |      15 |   0.0 |  1003
               +---------+---------+-------+---------+---------+-------+---------
